 Dungeon Crawl Stone Soup version 0.22-a0-601-gb0ed703 (webtiles) character file.

172 Hebeh the Covered (level 5, -1/47 HPs)
             Began as a Minotaur Fighter on July 6, 2018.
             Killed by nerve-wracking pain
             ... invoked by Grinder
              (7 damage)
             ... on level 3 of the Dungeon.
             The game lasted 00:05:24 (2030 turns).

Hebeh the Covered (Minotaur Fighter)                Turns: 2030, Time: 00:05:25

Health: -1/47      AC:  7    Str: 21    XL:     5   Next: 27%
Magic:  4/4        EV:  7    Int:  5    God:
Gold:   170        SH:  9    Dex: 10    Spells: 4/4 levels left

rFire    . . .     SeeInvis .   a - +0 war axe
rCold    . . .     Gourm    .   c - +0 shield
rNeg     . . .     Faith    .   r - +0 scale mail
rPois    .         Spirit   .   (helmet restricted)
rElec    .         Reflect  .   (no cloak)
rCorr    .         Harm     .   (no gloves)
MR       .....                  (no boots)
Stlth    ..........             (no amulet)
HPRegen  0.15/turn              (no ring)
MPRegen  0.09/turn              (no ring)

@: no status effects
A: retaliatory headbutt, horns 2
a: no special abilities


You were on level 3 of the Dungeon.
You were not hungry.

You visited 1 branch of the dungeon, and saw 3 of its levels.

You collected 170 gold pieces.

Inventory:

Hand Weapons
 a - a +0 war axe (weapon)
 b - a +0 hunting sling
Missiles
 e - 4 javelins (quivered)
 m - 41 stones
Armour
 c - a +0 shield (worn)
 r - a +0 scale mail (worn)
Jewellery
 j - a +6 ring of strength {unknown}
 t - an uncursed ring of flight {unknown}
 w - an uncursed amulet of regeneration {unknown}
Scrolls
 h - a scroll of fog {unknown}
 i - a scroll of magic mapping {unknown}
 k - 2 scrolls of fear {unknown}
 l - 3 scrolls of identify {unknown}
 o - 2 scrolls of enchant armour {unknown}
 p - a scroll of immolation {unknown}
 s - a scroll of remove curse {unknown}
 u - a scroll of teleportation {unknown}
Potions
 d - a potion of might
 n - 3 potions of degeneration {unknown}
 q - a potion of agility {unknown}
 v - a potion of haste {unknown}
Comestibles
 f - 6 rations
 g - 5 chunks of flesh


   Skills:
 + Level 4.5 Fighting
 * Level 4.4 Axes
 + Level 1.5 Throwing
 + Level 4.5 Armour
 + Level 4.3 Shields


You had 4 spell levels left.
You didn't know any spells.
Your spell library was empty.

Dungeon Overview and Level Annotations

Branches:
Dungeon (3/15)

Altars:

Annotations:
D:3 Grinder


Innate Abilities, Weirdness & Mutations

You reflexively headbutt those who attack you in melee.
You have a pair of horns on your head.


Message History

You closely miss Grinder. Your headbutt misses Grinder. Grinder hits you.
* * * LOW HITPOINT WARNING * * *
You writhe in agony.
* * * LOW HITPOINT WARNING * * *
You closely miss Grinder. You headbutt Grinder, but do no damage.
Grinder barely misses you.
You slash Grinder!
Grinder is moderately wounded.
You block Grinder's attack. Grinder hits you.
* * * LOW HITPOINT WARNING * * *
You closely miss Grinder.
Grinder is moderately wounded.
You block Grinder's attack.
Your shield and scale mail prevent you from hitting Grinder.
Grinder is moderately wounded.
Grinder blinks!
You see here 15 arrows.
Grinder gestures at you. Pain shoots through your body!
You die...

#..........# #...# #.#
##########.#.....##.# ##.## #.#
.........#.#....#...######.## #.#
.####.......#..#....#.......# #.#
.....#..##...###....#.####..###..
.##.....##....###.....####.......
.###.#.###.รท..#..#...........####
.......##....#....#...##.#...#
######(..#.##...@.# ..#....#
#####..5.......#..###)..#
#######.#..### #.)### #....##
#.#.# ####..#####.###
#...........# #.#.##......#
##.#.##......# #....##......#


You could see Grinder.

Vanquished Creatures
  Jessica (D:2)
  A gnoll (D:1)
  3 adders
  3 worms (D:2)
  3 dart slugs
  3 leopard geckos
  2 orcs (D:3)
  11 bats
  4 giant cockroaches
  9 hobgoblins
  8 jackals
  9 kobolds
  A ball python (D:2)
  4 frilled lizards
  11 goblins
  17 rats
90 creatures vanquished.

Notes
Turn   | Place    | Note
-------+----------+-------------------------------------------
     0 | D:1      | Hebeh the Minotaur Fighter began the quest for the Orb.
     0 | D:1      | Reached XP level 1. HP: 19/19 MP: 0/0
    68 | D:1      | Reached XP level 2. HP: 23/27 MP: 1/1
   491 | D:1      | Reached XP level 3. HP: 33/33 MP: 2/2
   844 | D:2      | Reached skill level 1 in Throwing
   862 | D:2      | Reached XP level 4. HP: 33/40 MP: 3/3
  1372 | D:2      | Noticed Jessica
  1379 | D:2      | Killed Jessica
  1471 | D:2      | Reached XP level 5. HP: 47/47 MP: 4/4
  1999 | D:3      | Noticed Grinder
  2030 | D:3      | Killed from afar by Grinder

Vault maps used:
D:1:      giann_bridges, serial_forest, infiniplex_forest_clump_tiny,
          infiniplex_forest_clump_small, infiniplex_forest_lined_4_way,
          infiniplex_forest_end_3, infiniplex_forest_end_3,
          infiniplex_forest_zigzag_1, st_stairs_11
D:2:      minmay_diamond_boxcup, first_ration, minmay_door_square,
          nrook_mini_backslash, uniq_jessica
D:3:      minmay_misc_feat_chi, uniq_grinder

Skill      XL: |  1  2  3  4 |
---------------+-------------+-----
Axes           | 3 4 |  4.4
Fighting       | 4 |  4.5
Armour         | 4 |  4.5
Shields        | 4 |  4.3
Throwing       | 1 |  1.5

Action                   |  1- 3 |  4- 6 || total
-------------------------+-------+-------++-------
Melee: War axe           |    75 |   104 ||   179
       Headbutt          |     9 |    19 ||    28
  Eat: Chunk             |       |     4 ||     4
Armor: Scale mail        |    46 |    31 ||    77
Dodge: Dodged            |    31 |    23 ||    54
Block: Shield            |    39 |    50 ||    89

Table legend:
 A = Spawn XP
 B = Non-spawn XP
 C = Spawn XP percentage of total XP
 D = Spawn monster count
 E = Non-spawn monster count
 F = Spawn count percentage of total count
 G = Total turns spent on level
                    A         B        C        D         E        F      G
               +---------+---------+-------+---------+---------+-------+---------
         Total |       0 |     247 |   0.0 |       0 |      90 |   0.0 |  2030
               +---------+---------+-------+---------+---------+-------+---------
           D:1 |       0 |      61 |   0.0 |       0 |      29 |   0.0 |   766
           D:2 |       0 |     143 |   0.0 |       0 |      44 |   0.0 |   830
           D:3 |       0 |      43 |   0.0 |       0 |      17 |   0.0 |   434
               +---------+---------+-------+---------+---------+-------+---------
